 Dungeon Crawl Stone Soup version 0.27.1-33-g824d729ab1 (webtiles) character file.

Game seed: 15957114819220705693

7 mcbry74 the Bolt Thrower (level 2, -2/16 HPs)
             Began as a Kobold Arcane Marksman on Dec 23, 2021.
             Slain by an adder (4 damage)
             ... on level 2 of the Dungeon.
             The game lasted 00:02:44 (817 turns).

mcbry74 the Bolt Thrower (Kobold Arcane Marksman)    Turns: 817, Time: 00:02:45

Health: -2/16      AC:  2    Str:  7    XL:     2   Next: 10%
Magic:  2/3        EV: 15    Int: 14    God:
Gold:   80         SH:  0    Dex: 15    Spells: 2/3 levels left

rFire    . . .     SeeInvis .   b - +0 hand axe
rCold    . . .     Faith    .   (shield restricted)
rNeg     . . .     Spirit   .   d - +0 robe
rPois    .         Reflect  .   (no helmet)
rElec    .         Harm     .   (no cloak)
rCorr    .         Rampage  .   (no gloves)
Will     .....                  (no boots)
Stlth    ++........             (no amulet)
HPRegen  0.05/turn              (no ring)
MPRegen  0.08/turn              (no ring)

@: lethally poisoned (-2 -> -10)
A: small, no large weapons, nightstalker 3
a: no special abilities


You were on level 2 of the Dungeon.
You visited 1 branch of the dungeon, and saw 2 of its levels.

You collected 80 gold pieces.

Inventory:

Hand Weapons
 a - a +0 hand crossbow
 b - a +0 hand axe (weapon)
Missiles
 c - 20 bolts
 f - 22 arrows
 h - 10 sling bullets
Armour
 d - a +0 robe (worn)
Scrolls
 e - a scroll of fear {unknown}
 g - a scroll of noise {unknown}
 j - a scroll of vulnerability {unknown}
 k - a scroll of enchant armour {unknown}
 l - a scroll of blinking {unknown}
Potions
 i - a potion of mutation {unknown}


   Skills:
 - Level 1.1 Fighting
 + Level 3.3 Crossbows
 - Level 2.4 Dodging
 - Level 1.1 Spellcasting
 - Level 3.0 Hexes


You had 2 spell levels left.
You knew the following spells:

 Your Spells              Type           Power      Damage    Failure   Level
a - Corona                Hex            10%        N/A       8%          1

Your spell library contained the following spells:

 Spells                   Type           Power      Damage    Failure   Level
 Slow                     Hex            9%         N/A       12%         2
 Inner Flame              Hex/Fire       4%         N/A       38%         3
 Portal Projectile        Hex/Tloc       8%         N/A       38%         3
 Cause Fear               Hex            4%         N/A       58%         4
 Conjure Flame            Conj/Fire      0%         6-21      61%         3
 Ignite Poison            Fire/Tmut/Pois 0%         N/A       61%         3
 Sticky Flame             Conj/Fire      0%         2d3       95%         4


Dungeon Overview and Level Annotations

Branches:
Dungeon (2/15)

Altars:


Innate Abilities, Weirdness & Mutations

You are small and have problems with some larger weapons.
You are completely attuned to the shadows.


Message History

You enter the shallow water.
Moving in this stuff is going to be slow.
You enter the shallow water.
Moving in this stuff is going to be slow.
Partly explored, can't reach some places.
There is an open door here.
There is a stone staircase leading down here.
You climb downwards.
There is a stone staircase leading up here.
An adder comes into view.
The adder hisses angrily.
Casting: Corona (safe; 8% risk of failure)
Confirm with . or Enter, or press ? or * to list all spells.
Aiming: Corona (safe; 8% risk of failure)
Press: ? - help, Shift-Dir - straight line, f - adder
Aim: an adder (chance to affect: 52%)
You miscast Corona.
You are very lightly contaminated with residual magic.
Nothing appears to happen.
b - a +0 hand axe (weapon)
You miss the adder. The adder closely misses you. The adder barely misses you.
You closely miss the adder. The adder misses you. x2
You barely miss the adder. The adder bites you.
You are poisoned.
The adder poisons you!
You closely miss the adder.
You feel very sick. The adder misses you. The adder closely misses you.
You hit the adder.
The adder is moderately wounded.
You feel sick. The adder bites you.
You are lethally poisoned!
The adder poisons you! The adder bites you.
Your magical contamination has completely faded away.
You hit the adder.
The adder is severely wounded.
* * * LOW HITPOINT WARNING * * *
You feel very sick. The adder bites you.
You die...

#.......#
#.......#
#.......#
........########
........##.....#..
#.......##.###.#.#
#.......##.# #.#.#
#........#.###.#S#
#.#....#.#...#.#@#
#......+..##.#.#.#
####...#.....#.#.#
#.......###.#.#
.#..#.#...#.#
#..#.#..##.#
#.#..##.#
........#
##.######


You could see an adder.

Vanquished Creatures
  An endoplasm (D:1)
  A giant cockroach (D:1)
  A hobgoblin (D:1)
  A kobold (D:1)
  A bat (D:1)
  A frilled lizard (D:1)
  A rat (D:1)
7 creatures vanquished.

Notes
Turn   | Place    | Note
-------+----------+-------------------------------------------
     0 | D:1      | mcbry74 the Kobold Arcane Marksman began the quest for the
                  | Orb.
     0 | D:1      | Reached XP level 1. HP: 12/12 MP: 2/2
   354 | D:1      | Reached XP level 2. HP: 16/16 MP: 3/3
   405 | D:1      | Found a faded altar of an unknown god.
   817 | D:2      | Slain by an adder

Illustrated notes

Levels and vault maps discovered:
D:1:      elethiomel_arrival_shortcut, layout_basic,
          hellmonk_ecumenical_altar_inner_sanctum,
          chequers_serial_rivers_large_a
D:2:      layout_basic

Skill      XL: |  1 |
---------------+----+-----
Crossbows      | 3 |  3.3
Fighting       | |  1.1
Dodging        | |  2.4
Spellcasting   | |  1.1
Hexes          | |  3.0

Action                   || total
-------------------------++-------
Melee: Hand axe          ||     8
 Fire: Hand crossbow     ||     5
 Cast: Corona            ||     3
 Stab: Sleeping          ||     1
Dodge: Dodged            ||     6
